[Event "Titled Tuesday Blitz March 07 Early 2023"]
[White "Boder, Jan"]
[Black "Lehtosaari, Mauri"]
[WhiteFideId "16243226"]
[BlackFideId "501999"]
[WhiteElo "2241"]
[BlackElo "2512"]
[Result "0-1"]
[Round "02"]
[TimeControl "180+2"]
[Date "2023.03.07"]
[WhiteClock "0:00:03"]
[BlackClock "0:00:05"]

1. b3 d5 2. Bb2 Nf6 3. e3 Bf5 4. Nf3 e6 5. d4 Nbd7 6. Bd3 Bd6 7. O-O O-O 8. c4 c6 9. Nc3 Ne4 10. Qc2 Nxc3 11. Bxc3 Bxd3 12. Qxd3 f5 13. Ne5 Nf6 14. f3 Rc8 15. c5 Bxe5 16. dxe5 Nd7 17. Bd4 Qh4 18. f4 Rf7 19. g3 Qh6 20. b4 g5 21. fxg5 Qxg5 22. Rf4 Nf8 23. Raf1 Ng6 24. R4f3 h5 25. Kh1 Rcf8 26. Qe2 Rh7 27. Qg2 a6 28. h4 Qg4 29. Kh2 Rg7 30. Qh3 Qe4 31. R1f2 Nh8 32. Rf4 Qd3 33. R2f3 Qb1 34. Qg2 Nf7 35. a3 Nh6 36. Rf1 Qd3 37. R1f3 Ng4+ 38. Kh3 Qb1 39. Rf1 Qd3 40. R1f3 Qb5 41. Rf1 Rff7 42. R1f3 a5 43. Rf1 a4 44. Rb1 Qa6 45. Rbf1 Qa8 46. R1f3 Rg6 47. Rf1 Rfg7 48. Qf3 Qe8 49. Qe2 Kh7 50. R1f3 Rg8 51. Qg2 R6g7 52. Qe2 Nh6 53. Kg2 Qg6 54. Qf2 Ng4 55. Qe1 Qh6 56. Kh3 Qg6 57. Qg1 Nh6 58. Qe1 Qf7 59. Qf2 Rg4 60. Qe1 Rxf4 61. Rxf4 Rg4 62. Qf2 Qg6 63. Kg2 Ng8 64. Rxg4 hxg4 65. Qf4 Nh6 66. Qf2 Nf7 67. Qe2 Qh5 68. Qd1 f4 69. exf4 Qf5 70. Bf2 Qe4+ 71. Kh2 Nh6 72. Qxa4 Qe2 73. Kg1 Nf5 74. Qb3 Kg6 75. Qc3 d4 76. Qe1 Qf3 77. Qd2 d3 78. a4 Nxg3 79. Bxg3 Qxg3+ 80. Kh1 Qxh4+ 81. Kg2 Qh3+ 82. Kg1 Qg3+ 83. Kf1 Qf3+ 84. Kg1 g3 85. b5 Qe2 86. f5+ Kxf5 0-1


[Site "https://www.chess.com"]

[Event "Titled Tuesday Blitz March 07 Early 2023"]
[White "Ljukin, Sergei"]
[Black "McLaren, Brian"]
[WhiteFideId "14102200"]
[BlackFideId "2604612"]
[WhiteElo "2312"]
[BlackElo "2132"]
[Result "0-1"]
[Round "02"]
[TimeControl "180+2"]
[Date "2023.03.07"]
[WhiteClock "0:02:04"]
[BlackClock "0:02:14"]

1. e4 Nf6 2. e5 Nd5 3. c4 Nb6 4. d4 d6 5. f4 g6 6. Nf3 Bg7 7. Be2 O-O 8. O-O Be6 9. d5 Bg4 10. exd6 exd6 11. Nc3 Re8 12. h3 Bxf3 13. Rxf3 N8d7 14. b3 Nc5 15. Bb2 Ne4 16. Qc2 Nxc3 17. Bxc3 Bxc3 18. Rxc3 Qf6 19. Rf1 Rxe2 20. Qxe2 Qxc3 21. f5 Qe5 22. Qg4 Re8 23. f6 Qe3+ 24. Kh1 h5 25. Qd1 Nd7 26. Qc2 Qe5 27. Qf2 b6 28. a4 Qe2 29. Qf4 Qe3 30. Qh4 Qxb3 31. Rf3 Qb1+ 32. Kh2 Qc1 0-1


[Site "https://www.chess.com"]

[Event "Titled Tuesday Blitz March 07 Early 2023"]
[White "Lopez Del Alamo, Antonio"]
[Black "Santos Flores, Alberto"]
[WhiteFideId "2227339"]
[BlackFideId "3601234"]
[WhiteElo "2175"]
[BlackElo "2235"]
[Result "0-1"]
[Round "02"]
[TimeControl "180+2"]
[Date "2023.03.07"]
[WhiteClock "0:00:15"]
[BlackClock "0:00:38"]

1. e4 c5 2. Nf3 Nc6 3. Bb5 g6 4. Bxc6 dxc6 5. d3 Bg4 6. h3 Bxf3 7. Qxf3 Bg7 8. Nc3 e5 9. Be3 b6 10. O-O Nf6 11. Qe2 Nd7 12. f4 exf4 13. Bxf4 Nf8 14. e5 Ne6 15. Ne4 O-O 16. c3 Nxf4 17. Rxf4 Bxe5 18. Rf3 Bg7 19. Raf1 f5 20. Nd2 Re8 21. Qf2 Qd7 22. Kh1 Re7 23. Re1 Rae8 24. Rfe3 Rxe3 25. Rxe3 Rxe3 26. Qxe3 Kf7 27. Nc4 Qe6 28. Qf2 Bf6 29. a4 Kg7 30. a5 b5 31. Nd2 a6 32. Nf3 Qd5 33. Qe2 c4 34. dxc4 bxc4 35. Nd2 Qd3 36. Qxd3 cxd3 37. g3 Bg5 38. Nf3 d2 39. Nxd2 Bxd2 0-1


[Site "https://www.chess.com"]

[Event "Titled Tuesday Blitz March 07 Early 2023"]
[White "Sahil, Tickoo"]
[Black "Estrada Nieto, Julian"]
[WhiteFideId "5019710"]
[BlackFideId "5101018"]
[WhiteElo "2086"]
[BlackElo "2176"]
[Result "0-1"]
[Round "02"]
[TimeControl "180+2"]
[Date "2023.03.07"]
[WhiteClock "0:00:08"]
[BlackClock "0:00:16"]

1. d4 d5 2. c4 dxc4 3. Nf3 Nf6 4. e3 e6 5. Bxc4 a6 6. a4 c5 7. O-O Nc6 8. Qe2 Be7 9. Rd1 O-O 10. dxc5 Qc7 11. Nc3 Bxc5 12. b3 b6 13. Bb2 Bb7 14. Rac1 Na5 15. Ng5 Nxc4 16. Qxc4 Bd6 17. Qh4 h6 18. Nge4 Be7 19. Nxf6+ Bxf6 20. Qh5 Qe5 21. Qxe5 Bxe5 22. Rd7 Bc6 23. Rd2 Rad8 24. Rxd8 Rxd8 25. f3 Rd2 26. Ba1 Bd7 27. Ne4 Rd5 28. Bxe5 Rxe5 29. Rc7 Rd5 30. Nc3 Rd3 31. Rb7 Rxc3 32. Rxd7 Rxb3 33. Rd8+ Kh7 34. Rd7 f6 35. e4 e5 36. Rd6 a5 37. h4 h5 38. Kh2 Kg6 39. Rd7 Rb4 40. Rb7 Rxa4 41. Rxb6 Rb4 42. Ra6 a4 43. Kg3 Rc4 44. Ra7 Kh6 45. Kh3 g5 46. hxg5+ Kxg5 47. Kg3 h4+ 48. Kh2 Kf4 49. Ra6 Ke3 50. Rxf6 a3 51. Ra6 Rc3 52. Kh3 Kf2 53. Kxh4 Kxg2 54. f4 exf4 55. e5 f3 56. e6 Re3 57. Kg5 f2 0-1


[Site "https://www.chess.com"]

[Event "Titled Tuesday Blitz March 07 Early 2023"]
[White "Osmak, Yuliia"]
[Black "Dwilewicz, Katarzyna"]
[WhiteFideId "14101602"]
[BlackFideId "1148486"]
[WhiteElo "2271"]
[BlackElo "2065"]
[Result "1-0"]
[Round "02"]
[TimeControl "180+2"]
[Date "2023.03.07"]
[WhiteClock "0:00:06"]
[BlackClock "0:00:02"]

1. b4 e5 2. Bb2 Bxb4 3. Bxe5 Nf6 4. e3 O-O 5. Nf3 Nc6 6. Bb2 d5 7. Be2 Bf5 8. O-O Re8 9. d3 h6 10. Nbd2 Bd6 11. c4 Nb4 12. Qb3 a5 13. Bxf6 Qxf6 14. cxd5 a4 15. Qc4 Rab8 16. e4 b5 17. Qd4 Qxd4 18. Nxd4 Bd7 19. a3 Na6 20. N2f3 f5 21. exf5 Nc5 22. Ne6 c6 23. dxc6 Bxc6 24. Nfd4 Bd7 25. Rfc1 Nxe6 26. fxe6 Bxe6 27. Nxe6 Rxe6 28. Bf3 Kf8 29. g3 Be7 30. d4 Rd6 31. d5 Bf6 32. Rab1 Rdb6 33. Rc6 Be7 34. Be2 Rxc6 35. dxc6 b4 36. axb4 Rc8 37. b5 a3 38. Ra1 1-0


[Site "https://www.chess.com"]

[Event "Titled Tuesday Blitz March 07 Early 2023"]
[White "Mammadzada, Gunay"]
[Black "Fathy, Elameir"]
[WhiteFideId "13403729"]
[BlackFideId "10600396"]
[WhiteElo "2396"]
[BlackElo "2311"]
[Result "1-0"]
[Round "02"]
[TimeControl "180+2"]
[Date "2023.03.07"]
[WhiteClock "0:00:02"]
[BlackClock "0:00:02"]

1. e4 c6 2. d4 d5 3. Nc3 dxe4 4. Nxe4 Nf6 5. Nxf6+ exf6 6. c3 Bd6 7. Bd3 O-O 8. Qc2 Re8+ 9. Ne2 h5 10. O-O h4 11. h3 Nd7 12. Bd2 Nf8 13. Rae1 Bc7 14. c4 Ne6 15. Be3 Qd6 16. f4 b6 17. Qd2 Bb7 18. Kh1 Rad8 19. Bb1 g6 20. Rd1 Ng7 21. Nc3 Nh5 22. Kg1 Ng3 23. Rf3 Bc8 24. Bf2 Kg7 25. Bxg3 hxg3 26. f5 g5 27. Ne4 Qe7 28. Nxg3 Rh8 29. Ne4 Be5 30. d5 cxd5 31. cxd5 Bb7 32. Rd3 Bxb2 33. Qxb2 Qxe4 34. Rg3 Qh4 35. Rg4 Qh5 36. d6 Rd7 37. Bc2 Rhd8 38. Qb4 Rh8 39. Ba4 Rdd8 40. d7 Bxg2 41. Rxg2 Qxh3 42. Qg4 Qh1+ 43. Kf2 Qh6 44. Rd6 Qh1 45. Rd1 Qh6 46. Bb3 Rhg8 47. Qc4 Kf8 48. Qxf7# 1-0


[Site "https://www.chess.com"]

[Event "Titled Tuesday Blitz March 07 Early 2023"]
[White "Dishman, Stephen"]
[Black "Balla, Tamas-Kristof"]
[WhiteFideId "403024"]
[BlackFideId "1208497"]
[WhiteElo "2204"]
[BlackElo "2334"]
[Result "0-1"]
[Round "02"]
[TimeControl "180+2"]
[Date "2023.03.07"]
[WhiteClock "0:00:23"]
[BlackClock "0:00:22"]

1. Nf3 c5 2. c4 Nc6 3. b3 g6 4. Bb2 Nf6 5. g3 Bg7 6. Bg2 O-O 7. O-O e6 8. d4 cxd4 9. Nxd4 d5 10. cxd5 exd5 11. Nxc6 bxc6 12. Nc3 Re8 13. e3 Be6 14. Na4 Qc8 15. Re1 Bh3 16. Bh1 Qf5 17. Qf3 Qg5 18. Qf4 Qxf4 19. gxf4 Re7 20. Rac1 Rae8 21. Rxc6 Nh5 22. Bxg7 Kxg7 23. Bxd5 Nxf4 24. Bf3 Nd3 25. Rd1 Ne5 26. Bh1 Nxc6 27. Bxc6 Rc8 28. Bg2 Bxg2 29. Kxg2 Rc2 30. a3 Rxe3 31. Rd7 Rxb3 32. Rxa7 Rxa3 0-1


[Site "https://www.chess.com"]

[Event "Titled Tuesday Blitz March 07 Early 2023"]
[White "Bogaudinov, Rushan"]
[Black "Principe, Gerson"]
[WhiteFideId "4129288"]
[BlackFideId "3804550"]
[WhiteElo "1949"]
[BlackElo "2229"]
[Result "1/2-1/2"]
[Round "02"]
[TimeControl "180+2"]
[Date "2023.03.07"]
[WhiteClock "0:00:29"]
[BlackClock "0:00:24"]

1. e4 b6 2. d4 Bb7 3. Bd3 e6 4. c4 g6 5. h4 h6 6. Nc3 Bg7 7. Nge2 Ne7 8. Be3 d6 9. Qd2 Nd7 10. a4 a6 11. O-O f5 12. Nf4 Nf8 13. exf5 Nxf5 14. Bxf5 gxf5 15. h5 Qd7 16. a5 Rg8 17. axb6 cxb6 18. Na4 Qd8 19. Qb4 e5 20. Nd5 f4 21. Qxb6 Qxb6 22. Naxb6 Rd8 23. Bd2 Ne6 24. dxe5 Bxe5 25. Rfe1 Kf7 26. Rab1 Rg5 27. Bc3 Rdg8 28. Bxe5 dxe5 29. g3 Nd4 30. Kf1 fxg3 31. f3 g2+ 32. Kf2 Nxf3 33. Kxf3 g1=Q 34. Rxg1 Rxg1 35. Rxg1 Rxg1 36. b4 Rb1 37. Ke3 Bxd5 38. Nxd5 Ke6 39. Nc7+ Kf5 40. Nxa6 Rb3+ 41. Kd2 Ke4 42. Kc2 Rh3 43. b5 Kd4 44. b6 Rg3 45. b7 Rg8 46. b8=Q Rxb8 47. Nxb8 Kxc4 48. Kd2 Kd4 49. Nd7 Ke4 50. Ke2 Kf5 51. Ke3 Kg5 52. Ke4 Kxh5 53. Nxe5 Kg5 54. Kf3 Kh5 55. Nd3 Kg5 56. Nf2 h5 57. Ne4+ Kh4 58. Nf2 Kg5 59. Kg3 Kh6 60. Kh4 Kg6 61. Nd3 Kh7 62. Ne5 Kg7 63. Nf3 Kh8 64. Nd4 Kg8 65. Kg5 Kf8 66. Nf5 Ke8 67. Ng3 Kd8 68. Ne4 Kc8 69. Nf2 Kb8 70. Nh3 Ka8 71. Kh4 Ka7 72. Kg5 Ka8 73. Kh4 Ka7 74. Kg3 Ka8 75. Kf4 Ka7 76. Kg5 Ka8 1/2-1/2


[Site "https://www.chess.com"]

[Event "Titled Tuesday Blitz March 07 Early 2023"]
[White "Liu, Kelsey"]
[Black "Kozin, Yuri"]
[WhiteFideId "30944481"]
[BlackFideId "4129920"]
[WhiteElo "2315"]
[BlackElo "2505"]
[Result "0-1"]
[Round "02"]
[TimeControl "180+2"]
[Date "2023.03.07"]
[WhiteClock "0:00:03"]
[BlackClock "0:01:09"]

1. e4 c5 2. Nf3 e6 3. d4 cxd4 4. Nxd4 Nf6 5. Nc3 d6 6. Bd3 a6 7. Be3 Qc7 8. a4 Bd7 9. O-O Nc6 10. Nxc6 Bxc6 11. a5 Be7 12. Qd2 O-O 13. f3 d5 14. Na4 dxe4 15. fxe4 Nxe4 16. Qe1 Nf6 17. Bb6 Qb8 18. Qh4 h6 19. Qh3 Qe5 20. Rae1 Qh5 21. Qg3 Bxa4 22. Re5 Qg4 23. Qe1 Bc6 24. g3 Qh3 25. Qe2 Bd6 26. Re3 Nd5 27. Re4 Nxb6 28. Rh4 Qg2+ 29. Qxg2 Bxg2 30. Kxg2 Nd5 31. c4 Nf6 32. g4 Rad8 33. g5 hxg5 34. Rh3 Bf4 0-1


[Site "https://www.chess.com"]

[Event "Titled Tuesday Blitz March 07 Early 2023"]
[White "UNSTOPPABLE_LEGEND"]
[Black "Buscar, Michael"]
[BlackFideId "2603616"]
[WhiteElo "2504"]
[BlackElo "2010"]
[Result "1-0"]
[Round "02"]
[TimeControl "180+2"]
[Date "2023.03.07"]
[WhiteClock "0:00:10"]
[BlackClock "0:00:08"]

1. d4 Nf6 2. c4 e6 3. Nc3 c5 4. d5 exd5 5. cxd5 d6 6. e4 g6 7. f4 Bg7 8. Bb5+ Bd7 9. e5 Nh5 10. Nf3 O-O 11. O-O Bg4 12. Qe1 a6 13. Bd3 Bh8 14. h3 Bxf3 15. Rxf3 b5 16. g4 Ng7 17. Ne4 Ne8 18. e6 Nc7 19. Ng5 fxe6 20. dxe6 Bf6 21. Nf7 Rxf7 22. exf7+ Kxf7 23. g5 Bd4+ 24. Kh2 Nc6 25. f5 gxf5 26. Bxf5 Ne5 27. Rf1 Kg7 28. Qh4 Qg8 29. g6 Kh8 30. gxh7 Qg1+ 31. Rxg1 Nf3+ 32. Kh1 Nxh4 33. Rf1 Nxf5 34. Rxf5 Ne6 35. Rb1 Kxh7 36. Bd2 Rh8 37. b3 Kg6 38. Rf3 Kg7 39. Rbf1 Rh6 40. Bxh6+ Kxh6 41. Rf6+ Bxf6 42. Rxf6+ Kg5 43. Rxe6 d5 44. Re5+ Kf4 45. Rxd5 c4 46. bxc4 bxc4 47. Rc5 1-0


[Site "https://www.chess.com"]

[Event "Titled Tuesday Blitz March 07 Early 2023"]
[White "Sovetbekova, Nurai"]
[Black "Erzhanov, Arman"]
[WhiteFideId "13801910"]
[BlackFideId "4138821"]
[WhiteElo "1857"]
[BlackElo "2138"]
[Result "0-1"]
[Round "02"]
[TimeControl "180+2"]
[Date "2023.03.07"]
[WhiteClock "0:00:03"]
[BlackClock "0:00:15"]

1. d4 d6 2. c4 e5 3. Nc3 exd4 4. Qxd4 Nc6 5. Qd1 Nf6 6. Nf3 a5 7. b3 a4 8. Nxa4 d5 9. e3 Be6 10. cxd5 Nxd5 11. Bd2 Be7 12. Bb5 O-O 13. O-O Ncb4 14. Nd4 c6 15. Be2 Bf6 16. a3 Na6 17. Rc1 Re8 18. Qc2 Bxd4 19. exd4 Qf6 20. Be3 Bf5 21. Bd3 Bxd3 22. Qxd3 Re7 23. Bd2 Rae8 24. Rce1 Rxe1 25. Rxe1 Rxe1+ 26. Bxe1 Qe7 27. Kf1 Qxa3 28. Qe4 Qf8 29. Nc3 Nf6 30. Qf3 Nb4 31. Ne2 Nbd5 32. Nf4 h6 33. Nxd5 Nxd5 34. Qf5 Qe7 35. Qd3 g6 36. Qc4 h5 37. g3 Qe4 38. Bc3 Qf3 39. Bd2 Qh1+ 40. Ke2 Qxh2 41. Qd3 Qh3 42. Qe4 Qd7 43. Qe5 Qg4+ 44. Kd3 Qd7 45. Bh6 f6 46. Qe4 Kf7 47. Bd2 Qe6 48. Qf3 Ne7 49. Qg2 Qxb3+ 50. Ke2 Qc4+ 51. Ke3 Nf5+ 52. Kf3 Qd5+ 0-1


[Site "https://www.chess.com"]

[Event "Titled Tuesday Blitz March 07 Early 2023"]
[White "surrenderPLS"]
[Black "Liu, Casper"]
[BlackFideId "1454153"]
[WhiteElo "2502"]
[BlackElo "2221"]
[Result "0-1"]
[Round "02"]
[TimeControl "180+2"]
[Date "2023.03.07"]
[WhiteClock "0:00:15"]
[BlackClock "0:00:13"]

1. e4 c5 2. Nf3 e6 3. d4 cxd4 4. Nxd4 a6 5. Bd3 Bc5 6. Nb3 Ba7 7. O-O Nc6 8. Nc3 Nge7 9. Bf4 Ng6 10. Bd6 Nce7 11. Kh1 b5 12. a4 bxa4 13. Rxa4 Bb7 14. Bxa6 Bc6 15. Bb5 Bb7 16. f4 f5 17. exf5 Nxf5 18. Re1 Ne3 19. Rxe3 Bxe3 20. Qe2 Rxa4 21. Qxe3 Ra8 22. Qxe6+ Ne7 23. h3 Kf8 24. Qf5+ Ke8 25. Qe5 Rc8 26. Nc5 Kf7 27. Nxb7 Qe8 28. Nd5 Nxd5 29. Qxd5+ Qe6 30. Qxe6+ dxe6 31. Be5 Rxc2 32. Nd6+ Ke7 33. Kh2 Rg8 34. Bd3 Rd2 35. Bc3 Rxd3 36. Nc4 g5 37. fxg5 Rxg5 38. Ne5 Rxc3 39. Nf3 Rf5 40. Nh4 Rfc5 41. Kg1 Rc2 42. Kh2 Rc1 43. Nf3 Kd6 44. Ne5 R5c3 45. Nd3 R3c2 46. Nb4 Rxb2 47. Na6 Rbc2 48. Nb4 Ke7 49. Kg3 e5 50. Kh4 Rc4+ 51. Kh5 Rxb4 52. g4 Rg1 53. h4 e4 54. g5 e3 55. Kh6 e2 56. h5 e1=Q 57. Kxh7 Qe6 58. h6 Qf7+ 59. Kh8 Rb8# 0-1


[Site "https://www.chess.com"]

[Event "Titled Tuesday Blitz March 07 Early 2023"]
[White "Orujov, Elshad"]
[Black "Ramirez Allo, Eduardo"]
[WhiteFideId "13403540"]
[BlackFideId "2224178"]
[WhiteElo "2342"]
[BlackElo "2497"]
[Result "0-1"]
[Round "02"]
[TimeControl "180+2"]
[Date "2023.03.07"]
[WhiteClock "0:00:03"]
[BlackClock "0:00:08"]

1. e4 c5 2. Nf3 d6 3. d4 cxd4 4. Nxd4 Nf6 5. Nc3 a6 6. h3 e5 7. Nde2 h5 8. Bg5 Be6 9. Bxf6 Qxf6 10. Nd5 Qd8 11. Nec3 Nd7 12. Bc4 g6 13. O-O Bh6 14. Bb3 O-O 15. Qe2 Kg7 16. Rad1 Rc8 17. Ne3 Nc5 18. Kh1 Nxb3 19. axb3 Qc7 20. Ned5 Qc5 21. Rd3 f5 22. f3 Rf7 23. Rfd1 fxe4 24. Nxe4 Qxc2 25. Qxc2 Rxc2 26. Nxd6 Rd7 27. Nc4 Rxd5 28. Rxd5 Bxd5 29. Rxd5 Rc1+ 30. Kh2 Bf4+ 31. g3 Rc2+ 32. Kg1 Bxg3 33. Rd7+ Kh6 34. Rxb7 Kg5 35. Re7 Kh4 36. Kf1 Kxh3 37. Re6 g5 38. Rxa6 Rf2+ 39. Ke1 Rxb2+ 40. Kd1 Rxb3 0-1


[Site "https://www.chess.com"]

[Event "Titled Tuesday Blitz March 07 Early 2023"]
[White "Tsatsalashvili, Keti"]
[Black "Baches Garcia, Guillermo"]
[WhiteFideId "13603434"]
[BlackFideId "2209764"]
[WhiteElo "2220"]
[BlackElo "2497"]
[Result "0-1"]
[Round "02"]
[TimeControl "180+2"]
[Date "2023.03.07"]
[WhiteClock "0:00:12"]
[BlackClock "0:00:10"]

1. d4 Nf6 2. c4 e6 3. Nf3 d5 4. g3 Be7 5. Bg2 O-O 6. O-O dxc4 7. Ne5 c5 8. dxc5 Qc7 9. Nxc4 Qxc5 10. Qb3 Nc6 11. Be3 Qh5 12. h3 e5 13. g4 Qh4 14. f4 exf4 15. Rxf4 Bxg4 16. hxg4 Nxg4 17. Nbd2 Qh2+ 18. Kf1 Nxe3+ 19. Qxe3 Bg5 20. Rg4 Bxe3 21. Nxe3 h5 22. Nf3 Qd6 23. Rg5 g6 24. Nf5 Qf6 25. Ng3 h4 26. Ne4 Qxb2 27. Re1 Nd4 28. Kf2 Nxf3 29. Bxf3 Qb6+ 30. Kg2 Rae8 31. Rh1 Kg7 32. Rxh4 Rh8 33. Rhg4 Qc7 34. Kf2 Rh2+ 35. Kg1 Rh6 36. Ng3 Kh7 37. Ne4 Qb6+ 38. Kg2 f5 39. Rf4 fxe4 40. Bxe4 Re6 41. Rf7+ Kg8 42. Rxb7 Rxe4 43. Rxb6 axb6 44. Kf3 Ra4 45. Rb5 Rxa2 46. Rxb6 Ra3+ 47. Kf2 Kg7 48. Rb7+ Kf6 49. Rb6+ Kf7 50. Rb5 Rh5 51. Kf1 Rxb5 0-1


[Site "https://www.chess.com"]

[Event "Titled Tuesday Blitz March 07 Early 2023"]
[White "TimGrutter03"]
[Black "Mikhaylova, Irina"]
[BlackFideId "4109040"]
[WhiteElo "2496"]
[BlackElo "1966"]
[Result "1-0"]
[Round "02"]
[TimeControl "180+2"]
[Date "2023.03.07"]
[WhiteClock "0:00:20"]
[BlackClock "0:00:21"]

1. e4 c5 2. Nf3 Nc6 3. Bb5 e6 4. Bxc6 bxc6 5. O-O Ne7 6. d3 Ng6 7. Qe2 Be7 8. Nbd2 O-O 9. e5 f6 10. Nc4 Qc7 11. b3 fxe5 12. Nfxe5 Nxe5 13. Nxe5 d6 14. Nc4 e5 15. f4 exf4 16. Bxf4 Bf5 17. Rae1 Rae8 18. Qd2 Qd7 19. Rxe7 Rxe7 20. Bxd6 Ref7 21. Bxf8 Rxf8 22. Qf4 Qe7 23. g4 Be6 24. Qxf8+ Qxf8 25. Rxf8+ Kxf8 26. h3 h6 27. Kf2 h5 28. Kf3 hxg4+ 29. hxg4 Ke7 30. Kf4 Kf6 31. g5+ Ke7 32. Ke5 Bd7 33. Nd6 Bg4 34. Ne4 Bd1 35. c3 Bc2 36. Nxc5 Bb1 37. a4 Ba2 38. b4 Bb1 39. d4 Bc2 40. Ne4 Bxa4 41. Nd6 Bb5 42. Nxb5 cxb5 43. Kd5 Kd7 44. Kc5 a6 45. d5 Kc7 46. d6+ Kd7 47. Kd5 g6 48. Kc5 Ke6 49. Kc6 Kf5 50. d7 Kxg5 51. d8=Q+ 1-0


[Site "https://www.chess.com"]

[Event "Titled Tuesday Blitz March 07 Early 2023"]
[White "Zampronha, Wladimir Camilo"]
[Black "Liu, Yi"]
[WhiteFideId "2103087"]
[BlackFideId "3210588"]
[WhiteElo "2176"]
[BlackElo "2264"]
[Result "1/2-1/2"]
[Round "02"]
[TimeControl "180+2"]
[Date "2023.03.07"]
[WhiteClock "0:01:11"]
[BlackClock "0:00:55"]

1. e4 c5 2. Nf3 e6 3. d4 cxd4 4. Nxd4 Nf6 5. Nc3 Nc6 6. Nxc6 bxc6 7. e5 Nd5 8. Ne4 Qc7 9. f4 Qb6 10. c4 Bb4+ 11. Ke2 f5 12. Nf2 Ne7 13. Be3 Bc5 14. Bxc5 Qxc5 15. Kf3 g5 16. fxg5 Ng6 17. Nd3 Nxe5+ 18. Nxe5 Qxe5 19. Qd2 Qe4+ 20. Kf2 Ba6 21. Bd3 Qd4+ 22. Qe3 Qxe3+ 23. Kxe3 Rg8 24. h4 Rb8 25. b3 Ke7 26. c5 Bxd3 27. Kxd3 Rb5 28. Rac1 Rgb8 29. Rc4 Rb4 30. Rhc1 a6 1/2-1/2


[Site "https://www.chess.com"]

[Event "Titled Tuesday Blitz March 07 Early 2023"]
[White "Karas, Marek"]
[Black "Bruned, Boris"]
[WhiteFideId "14928558"]
[BlackFideId "621790"]
[WhiteElo "2233"]
[BlackElo "2049"]
[Result "1-0"]
[Round "02"]
[TimeControl "180+2"]
[Date "2023.03.07"]
[WhiteClock "0:00:34"]
[BlackClock "0:00:01"]

1. e3 b6 2. Nf3 Bb7 3. c4 e6 4. b3 Nf6 5. Bb2 d5 6. Nc3 Be7 7. Qc2 c5 8. cxd5 exd5 9. d4 O-O 10. Be2 Nbd7 11. O-O Bd6 12. Rfd1 a6 13. Rac1 Qe7 14. Qf5 g6 15. Qg5 cxd4 16. Nxd4 Qe5 17. Qxe5 Nxe5 18. h3 Rac8 19. Na4 b5 20. Nc3 h5 21. Nf3 Ned7 22. Nb1 Rfe8 23. Rxc8 Rxc8 24. Rc1 Re8 25. Ba3 Bb8 26. Nd4 Ba7 27. Bb2 Bb6 28. Bf3 Ne4 29. Nc3 Ndf6 30. Nxe4 dxe4 31. Be2 Nd7 32. Ba1 Ne5 33. a4 b4 34. Rd1 f6 35. Nc2 Rd8 36. Rxd8+ Bxd8 37. Nxb4 Kf7 38. Bxa6 Nd3 39. Bxb7 1-0


[Site "https://www.chess.com"]

[Event "Titled Tuesday Blitz March 07 Early 2023"]
[White "Abrosimov, Vladimir"]
[Black "Womacka, Mathias"]
[WhiteFideId "4166892"]
[BlackFideId "4611390"]
[WhiteElo "2336"]
[BlackElo "2377"]
[Result "0-1"]
[Round "02"]
[TimeControl "180+2"]
[Date "2023.03.07"]
[WhiteClock "0:00:02"]
[BlackClock "0:00:09"]

1. c4 c5 2. Nc3 Nf6 3. g3 d5 4. cxd5 Nxd5 5. Bg2 Nc7 6. d3 e5 7. Nf3 Nc6 8. O-O Be7 9. a3 O-O 10. Qc2 Ne6 11. Ne4 Ned4 12. Nxd4 Nxd4 13. Qd1 Bg4 14. f3 Be6 15. Be3 Bb3 16. Qd2 f5 17. Bxd4 cxd4 18. Nf2 Bg5 19. f4 exf4 20. gxf4 Bh6 21. Nh3 Qe7 22. Rae1 Rac8 23. Rc1 g6 24. Qb4 Qe3+ 25. Kh1 Rxc1 26. Qxb3+ Kh8 27. Rg1 Rxg1+ 28. Nxg1 Bxf4 29. Qxb7 Bd6 30. Qd5 Qe5 31. Qxe5+ Bxe5 32. b4 Rc8 33. Bf1 Rc1 34. Kg2 Bxh2 35. Kxh2 Rxf1 36. Nf3 Ra1 37. Nxd4 Rxa3 38. Nc6 Kg7 39. Kg3 a6 40. Kf3 Kf6 41. Ke3 h5 42. Nd4 h4 43. Nf3 g5 44. Kf2 Rb3 45. Kg2 Rxb4 46. Nd2 Rb2 47. Nc4 Rxe2+ 48. Kf3 Ra2 49. Nd6 h3 50. Ne8+ Ke5 51. d4+ Kd5 52. Nd6 Kxd6 53. Ke3 h2 54. Kd3 h1=Q 55. Kc4 Qd5+ 56. Kd3 Ra3+ 57. Kc2 Qg2+ 58. Kb1 Rf3 59. Kc1 Rf1# 0-1


[Site "https://www.chess.com"]

[Event "Titled Tuesday Blitz March 07 Early 2023"]
[White "Hrabinska, Myroslava"]
[Black "Bettalli, Francesco"]
[WhiteFideId "14109190"]
[BlackFideId "2816453"]
[WhiteElo "2039"]
[BlackElo "2216"]
[Result "1-0"]
[Round "02"]
[TimeControl "180+2"]
[Date "2023.03.07"]
[WhiteClock "0:00:10"]
[BlackClock "0:00:05"]

1. e4 g6 2. d4 Bg7 3. Nc3 c6 4. Bg5 d5 5. e5 f6 6. exf6 exf6 7. Bh4 Ne7 8. Bd3 Bf5 9. Nf3 Nd7 10. Qd2 Qb6 11. O-O-O O-O-O 12. Bg3 h5 13. Kb1 Bxd3 14. Qxd3 Nf5 15. Bf4 Rde8 16. h3 h4 17. Rhe1 Qd8 18. Nxd5 Nb6 19. Nb4 Rxe1 20. Rxe1 Re8 21. Rxe8 Qxe8 22. a3 a5 23. Na6 Bf8 24. Nc5 Bxc5 25. dxc5 Nd5 26. Bd6 Qe6 27. c4 Nc7 28. Ka2 Na6 29. Nd4 Nxd4 30. Qxd4 Qe2 31. Qg4+ f5 32. Qxe2 1-0


[Site "https://www.chess.com"]

[Event "Titled Tuesday Blitz March 07 Early 2023"]
[White "Bernat, David"]
[Black "Alhadad, Mahmoud"]
[WhiteFideId "2099225"]
[BlackFideId "11501863"]
[WhiteElo "2485"]
[BlackElo "1955"]
[Result "1-0"]
[Round "02"]
[TimeControl "180+2"]
[Date "2023.03.07"]
[WhiteClock "0:00:34"]
[BlackClock "0:00:13"]

1. c4 e5 2. Nc3 Nc6 3. g3 f5 4. Bg2 Nf6 5. e3 Bb4 6. Nge2 d6 7. O-O Bxc3 8. Nxc3 O-O 9. d4 e4 10. b3 a5 11. a3 b6 12. f3 Qe7 13. fxe4 fxe4 14. Qc2 Re8 15. Bb2 Bb7 16. d5 Nd8 17. Rf4 Nf7 18. Nxe4 Nxe4 19. Bxe4 Ng5 20. Bg2 Qxe3+ 21. Kh1 Rf8 22. Bd4 Qe7 23. Raf1 Rxf4 24. gxf4 Nf7 25. Be4 Qh4 26. Rg1 g6 27. Bxg6 hxg6 28. Qxg6+ Kf8 29. Bf6 Qh6 30. Qg8# 1-0


[Site "https://www.chess.com"]

[Event "Titled Tuesday Blitz March 07 Early 2023"]
[White "Bove, Alessandro"]
[Black "Hebden, Mark L"]
[WhiteFideId "814121"]
[BlackFideId "400084"]
[WhiteElo "2387"]
[BlackElo "2436"]
[Result "1/2-1/2"]
[Round "02"]
[TimeControl "180+2"]
[Date "2023.03.07"]
[WhiteClock "0:00:59"]
[BlackClock "0:01:10"]

1. d4 Nf6 2. Nf3 g6 3. b3 Bg7 4. Bb2 O-O 5. Nbd2 d6 6. e3 Nc6 7. Be2 e5 8. dxe5 Nd7 9. O-O Ndxe5 10. Nxe5 Bxe5 11. Bxe5 dxe5 12. Nc4 Qe7 13. a4 Be6 14. Qb1 e4 15. Qb2 Rad8 16. Rfd1 f5 17. g3 Qg7 18. Qxg7+ Kxg7 19. Kf1 Kf6 20. Ke1 h5 21. h4 Bxc4 22. Bxc4 Ne5 23. Be2 a5 24. Rxd8 Rxd8 25. Rd1 Rxd1+ 26. Kxd1 Ke6 27. Kd2 Kd6 28. Kc3 Kc5 29. Bd1 c6 30. Be2 b5 31. axb5 cxb5 32. Kb2 b4 33. Kc1 Nd7 34. Bc4 Ne5 35. Be2 Kd6 36. Kd2 Nd7 37. Bc4 Ke7 38. c3 Ne5 39. cxb4 axb4 40. Be2 Kf6 41. Kc2 Nd7 42. Bc4 g5 43. hxg5+ Kxg5 44. Kd2 Ne5 45. Be2 h4 46. gxh4+ Kxh4 47. Ke1 Kh3 48. Kf1 Kh2 49. Bh5 Kh3 50. Kg1 Nd3 51. Be2 Nc5 52. Bc4 f4 53. exf4 Kg4 54. Kf1 Kxf4 55. Ke2 Nb7 56. Bd5 Nd6 57. Kd2 Ke5 58. Bg8 Kd4 59. Ke2 Nf5 60. Bh7 Nh4 61. Bg8 Nf3 62. Bh7 Ne5 63. Bg8 Ng4 64. Bh7 Ne5 65. Bg8 Nd3 66. Bc4 Kc3 67. Ke3 Nc5 68. Bg8 Nxb3 69. Kxe4 Nd2+ 70. Ke3 Nc4+ 71. Ke2 b3 72. Bxc4 Kxc4 73. Kd2 Kd4 74. Kc1 Ke4 75. Kb2 Kf3 76. Kxb3 Kxf2 1/2-1/2


[Site "https://www.chess.com"]